 Dungeon Crawl Stone Soup version 0.29-a0-559-g359e09b9d1 (webtiles) character file.

Game seed: 10093591488054653901

16615 IdlyInterested the Fighter (level 12, -2/103 HPs)
             Began as a Demonspawn Gladiator on June 9, 2022.
             Slain by a nine-headed hydra (7 damage)
             ... on level 1 of the Lair of Beasts.
             The game lasted 00:34:11 (15146 turns).

IdlyInterested the Fighter (Demonspawn Gladiator)  Turns: 15146, Time: 00:34:13

Health: -2/103     AC: 19    Str: 17    XL:     12   Next: 11%
Magic:  12/12      EV:  7    Int: 11    God:
Gold:   533        SH:  4    Dex: 24    Spells: 11/11 levels left

rFire   . . .      SeeInvis .   J - +3 broad axe (freeze)
rCold   . . .      Faith    .   (no shield)
rNeg    . . .      Spirit   .   A - +0 plate armour
rPois   .          Reflect  .   l - +2 hat
rElec   .          Harm     .   b - +0 cloak
rCorr   .          Rampage  .   (no gloves)
Will    .....                   (boots unavailable)
Stlth   ..........              I - amulet of regeneration
HPRegen 1.07/turn               B - +4 ring of slaying
MPRegen 0.13/turn               K - +6 ring of dexterity

@: mighty
A: hooves 3, molten scales 1, powered by pain 1, condensation shield, clever 1,
sense surroundings 1
a: no special abilities


You were on level 1 of the Lair of Beasts.
You visited 3 branches of the dungeon, and saw 12 of its levels.

You collected 546 gold pieces.
You spent 13 gold pieces at shops.

Inventory:

Hand Weapons
 D - a +0 war axe
 E - the +6 spear of Rudiergh {vorpal, Fly rN+++ Str-4 Dex-4}
   (You found it on level 5 of the Dungeon)

   It inflicts extra damage upon your enemies.
   Str:       It affects your strength (-4).
   Dex:       It affects your dexterity (-4).
   rN:        It renders you almost immune to negative energy.
   Fly:       It grants you flight.
 J - a +3 broad axe of freezing (weapon)
Missiles
 d - 3 throwing nets
 i - 368 stones
 n - 6 boomerangs (quivered)
 r - 34 poisoned darts
 u - a javelin
Armour
 b - a +0 cloak (worn)
 c - a +0 helmet
 l - a +2 hat (worn)
 A - a +0 plate armour (worn)
 G - +0 steam dragon scales
Magical Staves
 v - a staff of fire
Jewellery
 h - a ring of ice
 j - a ring of resist corrosion
 m - a ring of positive energy
 B - a +4 ring of slaying (left hand)
 I - an amulet of regeneration (around neck)
 K - a +6 ring of dexterity (right hand)
 P - a ring of positive energy
Wands
 k - a wand of mindburst (11)
 q - a wand of paralysis (6)
 t - a wand of polymorph (12)
 y - a wand of flame (10)
 C - a wand of iceblast (11)
 H - a wand of acid (18)
 Q - a wand of digging (6)
Scrolls
 a - 2 scrolls of identify
 f - 2 scrolls of summoning
 o - 2 scrolls of fear
 p - a scroll of enchant weapon
 x - a scroll of amnesia
 z - 5 scrolls of teleportation
 F - 2 scrolls of poison
Potions
 e - a potion of resistance
 g - a potion of cancellation
 s - a potion of haste
 w - 2 potions of curing
 L - 6 potions of brilliance
 N - a potion of might
 O - a potion of magic
Miscellaneous
 M - a phantom mirror (inert)


   Skills:
 + Level 12.3 Fighting
 + Level 10.6 Axes
 - Level 2.0 Throwing
 * Level 8.8 Armour
 * Level 3.5 Dodging
 - Level 2.0 Stealth
 - Level 5.0 Evocations


You had 11 spell levels left.
You didn't know any spells.
Your spell library contained the following spells:

 Spells                   Type           Power      Damage    Failure   Level
 Freeze                   Ice            0%         1d3       100%        1
 Ensorcelled Hibernation  Hex/Ice        0%         N/A       100%        2
 Poisonous Vapours        Pois/Air       0%         N/A       100%        2
 Conjure Flame            Conj/Fire      0%         6-21      100%        3
 Frozen Ramparts          Ice            0%         1d2       100%        3
 Spider Form              Tmut/Pois      0%         N/A       100%        3
 Stone Arrow              Conj/Erth      0%         3d7       100%        3
 Anguish                  Hex/Necr       0%         N/A       100%        4
 Animate Armour           Summ/Erth      0%         N/A       100%        4
 Corpse Rot               Necr/Pois/Air  0%         N/A       100%        4
 Hailstorm                Conj/Ice       0%         3d3       100%        4
 Blade Hands              Tmut           0%         N/A       100%        5
 Freezing Cloud           Conj/Ice/Air   0%         6-21      100%        5
 Conjure Ball Lightning   Conj/Air       0%         3x3d6     100%        6
 Iron Shot                Conj/Erth      0%         9d1       100%        6
 Simulacrum               Ice/Necr       0%         N/A       100%        6
 Orb of Destruction       Conj           0%         9d5       100%        7
 Polar Vortex             Ice            0%         N/A       100%        9


Dungeon Overview and Level Annotations

Branches:
Dungeon (10/15)            Temple (1/1) D:7            Lair (1/6) D:10
    Orc (0/2) D:9

Altars:
Ashenzari
Cheibriados
Dithmenos
Elyvilon
Fedhas
Gozag
Hepliaklqana
Kikubaaqudgha
Makhleb
Nemelex Xobeh
Okawaru
Qazlal
Ru
Sif Muna
Trog
Uskayaw
Vehumet
Wu Jian
Xom
Yredelemnul
Zin
The Shining One

Shops:
D:2 :   D:4 *   D:7 !   D:8 [   D:9 *


Innate Abilities, Weirdness & Mutations

You have hooves in place of feet.
You are partially covered in molten scales. (AC +2)
You sometimes gain a little power by taking damage.
A meltable shield of frost defends you. (SH +4)
Your mind is acute. (Int +2)
You passively map a small area around you.


Message History

The eight-headed hydra bites you!
You focus on the pain.
You feel very mighty all of a sudden. The eight-headed hydra bites you!
* * * LOW HITPOINT WARNING * * *
The eight-headed hydra completely misses you.
The eight-headed hydra bites you but does no damage.
You lop one of the eight-headed hydra's heads off!
The seven-headed hydra grows two more!
You slash the nine-headed hydra! You freeze the nine-headed hydra.
You kick the nine-headed hydra!
The nine-headed hydra is severely wounded.
The nine-headed hydra is no longer moving slowly.
The nine-headed hydra bites you.
* * * LOW HITPOINT WARNING * * *
The nine-headed hydra bites you but does no damage.
The nine-headed hydra bites you!
* * * LOW HITPOINT WARNING * * *
The nine-headed hydra bites you but does no damage.
The nine-headed hydra bites you!
* * * LOW HITPOINT WARNING * * *
The nine-headed hydra bites you.
* * * LOW HITPOINT WARNING * * *
The nine-headed hydra bites you but does no damage.
The nine-headed hydra barely misses you.
You block the nine-headed hydra's attack.
As you read the scroll of fear, it crumbles to dust.
You assume a fearsome visage.
The bullfrog looks frightened!
The nine-headed hydra easily resists.
The nine-headed hydra bites you but does no damage.
The nine-headed hydra bites you.
* * * LOW HITPOINT WARNING * * *
The nine-headed hydra bites you but does no damage. x6
The nine-headed hydra closely misses you.
Aiming: Phantom Mirror
Press: ? - help, Dir - move target, f/p - nine-headed hydra
Aim: a nine-headed hydra (severely wounded, covered in acid)
You reflect the nine-headed hydra with the mirror!
The mirror clouds!
The nine-headed hydra bites you but does no damage.
The nine-headed hydra bites you!
You die...

* , * .#* ** ,.. ,, ,F# ++***
*.. * #. .. ## #D *..###. #D##
...... #@# ,...... #.## * ,
...... #### ### #..##*# ......
#.P#####.## ##..#.#...........
#.........####...#............
#...............#.............
##.............#...............
#.................#............
#..............................


You could see a nine-headed hydra (corroded), a bullfrog (fleeing, ally target)
and a friendly nine-headed hydra (summoned, corroded, drained).

Vanquished Creatures
  4 two-headed ogres
  Amaemon (D:8)
  2 black mambas (Lair:1)
  An orange demon (D:8)
  Psyche (D:9)
  A cane toad (Lair:1)
  2 komodo dragons
  Maggie (D:6)
  A polar bear (Lair:1)
  2 hornets
  Grinder (D:5)
  5 blink frogs (Lair:1)
  4 dream sheep (D:7)
  3 wyverns
  2 wraiths
  22 yaks
  2 steam dragons
  A basilisk (Lair:1)
  A vampire mosquito (D:10)
  A naga (D:9)
  3 acid dragons
  6 water moccasins
  6 orc warriors
  2 black bears (D:7)
  A boggart (D:4)
  An ice beast (D:7)
  An ogre (D:6)
  A wolf (Lair:1)
  3 centaurs
  The ghost of om the Insei, an amateur DjTm (D:3)
  2 phantoms
  3 bullfrogs
  3 kobold brigands
  A gnoll sergeant (D:7)
  3 necrophages
  A scorpion (D:5)
  2 howler monkeys
  6 hounds
  A jelly (D:3)
  7 orc priests
  2 gnoll shamans
  Natasha (thrice) (D:3)
  Terence (D:3)
  An iguana (D:5)
  11 orc wizards
  14 gnolls
  7 adders
  A river rat (D:4)
  A shadow imp (D:7)
  3 white imps
  2 ufetubi
  4 worms
  4 dart slugs
  21 orcs
  2 ball pythons (D:2)
  5 bats
  5 endoplasms
  6 giant cockroaches
  6 goblins
  8 hobgoblins
  7 jackals
  6 quokkas
  3 frilled lizards
  20 kobolds
  24 rats
279 creatures vanquished.

Vanquished Creatures (others)
  A fungus (Lair:1)
  A plant (Lair:1)
2 creatures vanquished.

Grand Total: 281 creatures vanquished

Notes
Turn   | Place    | Note
-------+----------+-------------------------------------------
     0 | D:1      | IdlyInterested the Demonspawn Gladiator began the quest for
                  | the Orb.
     0 | D:1      | Reached XP level 1. HP: 16/16 MP: 1/1
   147 | D:1      | Found a faded altar of an unknown god.
   240 | D:1      | Gained mutation: You have large cloven feet. [demonic
                  | ancestry]
   240 | D:1      | Reached XP level 2. HP: 21/22 MP: 2/2
  1112 | D:2      | Reached XP level 3. HP: 25/28 MP: 3/3
  1624 | D:2      | Reached skill level 1 in Armour
  1714 | D:2      | Reached skill level 1 in Stealth
  1714 | D:2      | Found a burning altar of Makhleb.
  1822 | D:2      | Reached XP level 4. HP: 34/34 MP: 4/4
  1829 | D:2      | Reached skill level 3 in Fighting
  1895 | D:2      | Found Fafeise's Book Boutique.
  2200 | D:3      | Noticed Natasha
  2205 | D:3      | Killed Natasha
  2268 | D:3      | Noticed Natasha
  2279 | D:3      | Killed Natasha
  2502 | D:3      | Reached XP level 5. HP: 39/41 MP: 5/5
  2528 | D:3      | Got Reut Wea's Almanac of Battle Magic
  2596 | D:3      | Found a runed translucent door.
  2597 | D:3      | Noticed om's ghost (amateur DjTm)
  2760 | D:3      | Noticed Natasha
  2768 | D:3      | Killed Natasha
  2891 | D:3      | Noticed Terence
  2907 | D:3      | Killed Terence
  2908 | D:3      | Reached skill level 1 in Evocations
  3242 | D:3      | Killed om's ghost
  3243 | D:3      | Reached skill level 4 in Fighting
  3243 | D:3      | Gained mutation: You sometimes gain a little power by
                  | taking damage. [demonic ancestry]
  3243 | D:3      | Reached XP level 6. HP: 35/48 MP: 6/6
  3926 | D:4      | Noticed an orc warrior
  3930 | D:4      | an orc warrior changed into a boggart
  4024 | D:4      | Reached skill level 5 in Fighting
  4024 | D:4      | Gained mutation: You have hoof-like feet. [demonic
                  | ancestry]
  4024 | D:4      | Reached XP level 7. HP: 15/56 MP: 7/7
  4277 | D:4      | Found Wabborur's General Store.
  5021 | D:5      | Entered Level 5 of the Dungeon
  5022 | D:5      | Noticed Grinder
  5031 | D:5      | Paralysed by Grinder for 3 turns
  5038 | D:5      | Paralysed by Grinder for 2 turns
  5045 | D:5      | Killed Grinder
  5436 | D:5      | Reached skill level 6 in Fighting
  5612 | D:5      | Gained mutation: You have hooves in place of feet. [demonic
                  | ancestry]
  5612 | D:5      | Reached XP level 8. HP: 59/65 MP: 8/8
  5619 | D:5      | Identified the +6 spear of Rudiergh {vorpal, Fly rN+++
                  | Str-4 Dex-4}
  5937 | D:6      | Reached skill level 5 in Axes
  5937 | D:6      | Found an opulent altar of Gozag.
  5944 | D:6      | Reached skill level 7 in Fighting
  6298 | D:6      | Found an ornate altar of the Wu Jian Council.
  6308 | D:6      | Found an iron altar of Okawaru.
  6655 | D:6      | Noticed Maggie
  6663 | D:6      | Killed Maggie
  6664 | D:6      | Reached skill level 8 in Fighting
  6664 | D:6      | Reached XP level 9. HP: 47/74 MP: 9/9
  7338 | D:7      | Found Qidiqupp's Distillery.
  7342 | D:7      | Bought a potion of degeneration for 13 gold pieces
  7345 | D:7      | Found a staircase to the Ecumenical Temple.
  7354 | Temple   | Entered the Ecumenical Temple
  7460 | D:7      | Reached skill level 5 in Armour
  7499 | D:7      | Noticed a two-headed ogre
  7506 | D:7      | Killed a two-headed ogre
  7507 | D:7      | Reached skill level 9 in Fighting
  8251 | D:7      | Reached skill level 10 in Fighting
  8261 | D:7      | Gained mutation: A meltable shield of frost defends you.
                  | (SH +4) [demonic ancestry]
  8261 | D:7      | Reached XP level 10. HP: 41/85 MP: 10/10
  8761 | D:7      | Identified a scroll of acquirement
  8761 | D:7      | Acquired a +3 broad axe of freezing
  9104 | D:8      | Found a hazy altar of Hepliaklqana.
  9169 | D:8      | Reached skill level 11 in Fighting
  9746 | D:8      | Found a shadowy altar of Dithmenos.
  9746 | D:8      | Found a hide-covered altar of Uskayaw.
  9747 | D:8      | Found a shimmering blue altar of Sif Muna.
  9747 | D:8      | Found a radiant altar of Vehumet.
  9749 | D:8      | Noticed an orange demon
  9758 | D:8      | Noticed Amaemon
  9761 | D:8      | Killed an orange demon
  9770 | D:8      | Killed Amaemon
 10122 | D:8      | Found a sacrificial altar of Ru.
 10251 | D:8      | Found Xyamue's Armour Emporium.
 10446 | D:9      | Noticed a two-headed ogre
 10450 | D:9      | Killed a two-headed ogre
 10748 | D:9      | Gained mutation: You are partially covered in molten
                  | scales. (AC +2) [demonic ancestry]
 10748 | D:9      | Reached XP level 11. HP: 93/93 MP: 11/11
 10895 | D:9      | Noticed Psyche
 10920 | D:9      | Killed Psyche
 10940 | D:9      | Found a staircase to the Orcish Mines.
 11249 | D:9      | Found Dous's Gadget Gallery.
 11382 | D:9      | Paralysed by a hornet for 2 turns
 11385 | D:9      | Paralysed by a hornet for 1 turns
 12060 | D:9      | Noticed a two-headed ogre
 12068 | D:9      | Killed a two-headed ogre
 12386 | D:10     | Entered Level 10 of the Dungeon
 12750 | D:10     | Found a staircase to the Lair.
 13018 | D:10     | Noticed a two-headed ogre
 13026 | D:10     | Killed a two-headed ogre
 13593 | D:10     | Gained mutation: You are occasionally teleported next to
                  | monsters. [potion of mutation]
 13593 | D:10     | Gained mutation: You passively map a small area around you.
                  | [potion of mutation]
 13594 | D:10     | Lost mutation: You passively map a small area around you.
                  | [potion of mutation]
 13594 | D:10     | Lost mutation: You are occasionally teleported next to
                  | monsters. [potion of mutation]
 13594 | D:10     | Gained mutation: Your body sometimes deteriorates upon
                  | taking damage. [potion of mutation]
 13594 | D:10     | Gained mutation: Your spells are a little harder to cast,
                  | but a little more powerful. [potion of mutation]
 13596 | D:10     | Lost mutation: Your body sometimes deteriorates upon taking
                  | damage. [potion of mutation]
 13596 | D:10     | Lost mutation: Your spells are a little harder to cast, but
                  | a little more powerful. [potion of mutation]
 13596 | D:10     | Gained mutation: You passively map a small area around you.
                  | [potion of mutation]
 13596 | D:10     | Gained mutation: Your mind is acute. (Int +2) [potion of
                  | mutation]
 13628 | Lair:1   | Entered Level 1 of the Lair of Beasts
 13643 | Lair:1   | Reached skill level 12 in Fighting
 13644 | Lair:1   | Reached skill level 10 in Axes
 14744 | Lair:1   | Reached skill level 5 in Evocations
 14960 | Lair:1   | Reached XP level 12. HP: 102/102 MP: 12/12
 15137 | Lair:1   | Noticed a seven-headed hydra
 15144 | Lair:1   | HP: 4/103 [nine-headed hydra (6)]
 15146 | Lair:1   | Slain by a nine-headed hydra

Illustrated notes

Levels and vault maps discovered:
D:1:      ncdulo_smallfort, layout_loops_corners,
          shapermc_ecumenical_altar_notcrosses
D:2:      minmay_evil_eye, layout_rooms, basic_altar, serial_shops,
          nicolae_shop_behind_doors, chequers_decorated_corner, minmay_3d_cube
D:3:      layout_loops_ring, ebering_ghost_reflecting_pool, uniq_terence,
          uniq_natasha
D:4:      nicolae_cairo_tiling, layout_basic, serial_shops, shop, st_stairs_2,
          minmay_rat_hole
D:5:      layout_loops_ring, amcnicky_mini_rare_corridor_liquid, uniq_grinder
D:6:      layout_basic, nicolae_gozag_seed_capital,
          amethyst_overflow_temple_binary, uniq_maggie
D:7:      hangedman_cross_stitches, layout_basic,
          minmay_temple_entry_stoned_glass, serial_shops,
          nicolae_shop_hallway_stairs, dreamdust_gnoll_shepherd
D:8:      layout_basic, grunt_temple_overflow_open, nicolae_ru_path_of_blood,
          old_standard_altar, serial_shops, shop, uniq_amaemon
D:9:      layout_loops_corners, david_orc_3, nicolae_shop_gadgets, uniq_psyche
D:10:     layout_irregular_city, lair_entry_dummy,
          minmay_fractal_squares_gapless_5
Temple:   cyrus_circular_temple
Lair:1:   layout_cave_pods, ebering_ghost_rock_garden, serial_bayou_pond_d,
          guppyfry_lair_drakes

Skill      XL: |  1  2  3  4  5  6  7  8  9 10 11 |
---------------+----------------------------------+-----
Dodging        | 3 |  3.5
Throwing       | 2 |  2.0
Axes           | 3 4 5 6 8 10 | 10.6
Armour         | 1 2 3 4 6 7 8 |  8.8
Stealth        | 1 2 |  2.0
Fighting       | 3 4 5 6 8 10 11 12 | 12.3
Evocations     | 1 2 5 |  5.0

Action                   |  1- 3 |  4- 6 |  7- 9 | 10-12 || total
-------------------------+-------+-------+-------+-------++-------
Melee: War axe           |   109 |   134 |   159 |    11 ||   413
       Kick              |    22 |    34 |    51 |    85 ||   192
       Punch             |     2 |     2 |     6 |     4 ||    14
       Broad axe         |       |       |       |   267 ||   267
Throw: Dart              |       |     5 |     1 |     2 ||     8
       Boomerang         |       |     6 |     9 |     8 ||    23
       Throwing net      |       |     1 |       |     1 ||     2
       Javelin           |       |     1 |       |       ||     1
Evoke: Wand              |       |     2 |     1 |    10 ||    13
       Phantom mirror    |       |       |       |     1 ||     1
  Use: Scroll            |     5 |     6 |     9 |     5 ||    25
       Potion            |       |     3 |       |     7 ||    10
Armor: Scale mail        |    60 |    47 |       |       ||   107
       Chain mail        |       |       |    99 |    70 ||   169
       Plate armour      |       |       |       |    99 ||    99
Dodge: Dodged            |    67 |    67 |    78 |   102 ||   314
Block: Other             |       |       |       |    41 ||    41

Table legend: (Time is in decaauts)
 A = Elapsed time spent in this place.
 B = Non-inter-level travel time spent in this place.
 C = Inter-level travel time spent in this place.
 D = Time resting spent in this place.
 E = Time spent auto-exploring this place.
 F = Levels seen in this place.
 G = Mean time per level.
                   A        B        C        D        E       F      G
               +--------+--------+--------+--------+--------+-----+--------+
         Total |  15333 |  15001 |    332 |   5900 |   6959 |  12 | 1277.8 |
       Dungeon |  13755 |  13423 |    332 |   4908 |   6564 |  10 | 1375.5 |
        Temple |     50 |     50 |      0 |      0 |     35 |   1 |   50.0 |
          Lair |   1527 |   1527 |      0 |    992 |    359 |   1 | 1527.0 |
               +--------+--------+--------+--------+--------+-----+--------+

Top non-repeatable levels by time:
     D:9: 1966 daAuts
     D:8: 1605 daAuts
  Lair:1: 1527 daAuts
     D:4: 1523 daAuts
     D:7: 1472 daAuts
     D:3: 1433 daAuts
     D:6: 1426 daAuts
    D:10: 1244 daAuts
     D:1: 1125 daAuts
     D:2: 1038 daAuts
     D:5: 920 daAuts
  Temple: 50 daAuts
